 Dungeon Crawl Stone Soup version 0.20-a0-537-g052e6ba (webtiles) character file.

186 Kidiri the Magician (level 5, -9/42 HPs)
             Began as a Deep Elf Fire Elementalist on Jan 27, 2017.
             Killed from afar by an orc wizard (10 damage)
             ... with a puff of flame
             ... on level 3 of the Dungeon.
             The game lasted 00:09:00 (3127 turns).

Kidiri the Magician (Deep Elf Fire Elementalist)    Turns: 3127, Time: 00:09:01

Health: -9/42      AC:  3    Str: 10    XL:     5   Next: 38%
Magic:  1/15       EV: 18    Int: 21    God:
Gold:   153        SH:  0    Dex: 20    Spells: 2/15 levels left

rFire    . . .     SeeInvis .   l - +2 short sword (freeze)
rCold    . . .     Gourm    .   a - +0 robe
rNeg     . . .     Faith    +   (no shield)
rPois    .         Spirit   .   (no helmet)
rElec    .         Reflect  .   f - +0 cloak (curse)
rCorr    .         Harm     .   (no gloves)
MR       .....                  (no boots)
Stlth    ..........             s - amulet of faith
Regen    0.2/turn               (no ring)
                                (no ring)

@: agile, berserking (expiring), very slightly contaminated, very quick
A: no striking features
a: no special abilities


You were on level 3 of the Dungeon.
You were not hungry.

You visited 1 branch of the dungeon, and saw 3 of its levels.

You collected 153 gold pieces.

Inventory:

Hand Weapons
 l - a +2 short sword of freezing (weapon)
Armour
 a - a +0 robe (worn)
 f - a cursed +0 cloak (worn)
 h - a +0 buckler
Jewellery
 s - an amulet of faith (around neck)
Wands
 d - a wand of paralysis (17/24)
 t - a wand of acid (9/15)
 v - a wand of confusion (21/48)
Scrolls
 k - 3 scrolls of remove curse
 r - a scroll of magic mapping
Potions
 e - a potion of invisibility
 j - 2 potions of agility
 u - 2 potions of mutation {unknown}
Books
 b - a book of Flames

   Spells                             Type                      Level
   a - Flame Tongue                   Conjuration/Fire             1
   b - Throw Flame                    Conjuration/Fire             2
   c - Conjure Flame                  Conjuration/Fire             3
   d - Inner Flame                    Hexes/Fire                   3
   e - Sticky Flame                   Conjuration/Fire             4
   f - Fireball                       Conjuration/Fire             5
 m - a book of Cantrips

   Spells                             Type                      Level
   a - Confusing Touch                Hexes                        1
   b - Animate Skeleton               Necromancy                   1
   c - Summon Small Mammal            Summoning                    1
   d - Apportation                    Translocation                1
Comestibles
 c - 5 bread rations
 i - a meat ration
 n - 2 fruits
 o - 6 chunks of flesh
 q - a royal jelly


   Skills:
 - Level 2.4 Dodging
 - Level 2.4 Stealth
 * Level 5.8 Spellcasting
 + Level 3.1 Conjurations
 + Level 4.2 Fire Magic


You had 2 spell levels left.
You knew the following spells:

 Your Spells              Type           Power        Failure   Level  Hunger
a - Flame Tongue          Conj/Fire      ###..        1%          1    None
b - Throw Flame           Conj/Fire      ###...       3%          2    None
c - Conjure Flame         Conj/Fire      ###.....     10%         3    ##.....
d - Inner Flame           Hex/Fire       ###.....     14%         3    ##.....
e - Sticky Flame          Conj/Fire      ###.....     24%         4    ####...


Dungeon Overview and Level Annotations

Branches:
Dungeon (3/15)

Altars:


Message History

A magic dart appears from out of thin air!
The magic dart hits you!
* * * LOW HITPOINT WARNING * * *
A magic dart appears from out of thin air!
The magic dart hits you!
* * * LOW HITPOINT WARNING * * *
A red film seems to cover your vision as you go berserk!
You feel yourself moving faster!
You feel mighty!
You're too confused to move!
You feel a strong urge to attack something.
Something hits you but does no damage.
You bump into the rock wall.
You puncture something! You freeze something.
You feel less confused. Something barely misses you.
You barely miss something.
You hear some strange, mumbled words.
A puff of flame appears from out of thin air!
The puff of flame hits you!
You die...

#..#...#....#....##...##....#
#..#......#.....++.8.++....##
...#......#...#..##...##..##
#..#..............##...##..##
#..#......#..##....##...##..##
................##..##.8.##..#
#....................##'####.#
..............#####.#........#
..........#..)..@...###.#.####
.#..##.#..#.#.####......#.#
.#.....#...).....#.######.#
.##.........g..........####
......(#..#...#..#.###.#
......##.........#.###.####
..#..###........>.........####
..#..# #..###.#.....#####....###
.....###..###.#.....####≈≈...≈≈##


There were no monsters in sight!

Vanquished Creatures
  Crazy Yiuf (D:2)
  Ijyb (D:3)
  An adder (D:3)
  2 oozes
  2 worms (D:2)
  4 dart slugs
  3 leopard geckos
  7 orcs (D:3)
  A ball python (D:3)
  2 giant cockroaches
  16 goblins
  7 hobgoblins
  11 jackals
  A quokka (D:3)
  7 bats
  2 frilled lizards
  7 kobolds
  7 rats
82 creatures vanquished.

Notes
Turn   | Place    | Note
-------+----------+-------------------------------------------
     0 | D:1      | Kidiri the Deep Elf Fire Elementalist began the quest for the Orb.
     0 | D:1      | Reached XP level 1. HP: 10/10 MP: 6/6
    53 | D:1      | Reached XP level 2. HP: 6/15 MP: 0/8
    81 | D:1      | Learned a level 2 spell: Throw Flame
   573 | D:1      | Reached skill level 4 in Spellcasting
   748 | D:1      | Reached XP level 3. HP: 19/19 MP: 5/10
   753 | D:1      | Learned a level 3 spell: Conjure Flame
   757 | D:1      | Learned a level 3 spell: Inner Flame
  1617 | D:2      | Found a runed door.
  1795 | D:2      | Reached XP level 4. HP: 12/24 MP: 5/12
  2095 | D:2      | Noticed Crazy Yiuf
  2099 | D:2      | Killed Crazy Yiuf
  2099 | D:2      | Reached skill level 5 in Spellcasting
  2148 | D:3      | Learned a level 4 spell: Sticky Flame
  2726 | D:3      | Noticed Ijyb
  2729 | D:3      | Reached XP level 5. HP: 17/28 MP: 11/15
  3006 | D:3      | Killed Ijyb
  3122 | D:3      | HP: 1/28 [something/magic dart (5)]
  3127 | D:3      | Killed from afar by an orc wizard

Vault maps used:
D:1:      dpeg_arrival_signposts, minmay_misc_feat_enclosed
D:2:      first_bread, minmay_tiny_reverse_x, uniq_crazy_yiuf_cottage
D:3:      kennysheep_goblin_castle, grunt_decor_arrowhead

Skill      XL: |  1  2  3  4  5 |
---------------+----------------+-----
Spellcasting   | 4 5 |  5.8
Conjurations   | 2 3 |  3.1
Fire Magic     | 4 |  4.2
Dodging        | |  2.4
Stealth        | |  2.4

Action                   |  1- 3 |  4- 6 || total
-------------------------+-------+-------++-------
Melee: Unarmed           |    29 |       ||    29
       Short sword       |    22 |    57 ||    79
 Cast: Flame Tongue      |    73 |    28 ||   101
       Throw Flame       |       |     9 ||     9
       Sticky Flame      |       |     2 ||     2
       Conjure Flame     |       |     1 ||     1
  Use: Scroll            |     7 |     4 ||    11
       Potion            |       |     4 ||     4
 Stab: Sleeping          |     2 |     4 ||     6
  Eat: Chunk             |     3 |     4 ||     7
Armor: Robe              |    19 |    15 ||    34
Dodge: Dodged            |    57 |    52 ||   109
